 Seeded DCSS version 0.29.1-1-gd02db6906a (webtiles) character file.

Game seed: 9675395886110471672 (custom seed)

550 GigaChad the Ducker (level 7, -8/61 HPs)
             Began as a Minotaur Fighter on Sept 21, 2022.
             Was an Initiate of Ashenzari.
             Mangled by an ogre
             ... wielding a +0 giant spiked club
              (13 damage)
             ... on level 5 of the Dungeon.
             The game lasted 00:09:20 (5320 turns).

GigaChad the Ducker (Minotaur Fighter)              Turns: 5320, Time: 00:09:21

Health: -8/61      AC: 16    Str: 29    XL:     7   Next: 7%
Magic:  6/6        EV:  8    Int:  9    God:    Ashenzari [......]
Gold:   223        SH:  8    Dex:  9    Spells: 6/6 levels left

rFire   . . .      SeeInvis .   a - +0 long sword (protect)
rCold   . . .      Faith    .   k - +0 kite shield
rNeg    + + +      Spirit   .   i - +0 chain mail
rPois   .          Reflect  .   (helmet restricted)
rElec   .          Harm     .   (no cloak)
rCorr   .          Rampage  .   (no gloves)
Will    .....                   (no boots)
Stlth   ..........              (no amulet)
HPRegen 0.20/turn               h - +4 ring of slaying
MPRegen 0.10/turn               v - ring of Gosumyif {rN+++ Will- Str+6 Int+4 Stlth+}

@: under a protective aura
A: horns 2, retaliatory headbutt
a: Renounce Religion


You were on level 5 of the Dungeon.
You worshipped Ashenzari.
Ashenzari was noncommittal.
You visited 2 branches of the dungeon, and saw 6 of its levels.

You collected 223 gold pieces.

Inventory:

Hand Weapons
 a - a +0 long sword of protection (weapon)
Missiles
 t - 2 throwing nets (quivered)
Armour
 b - a +0 scale mail
 c - a +0 buckler
 i - a +0 chain mail (worn)
 k - a +0 kite shield (worn)
Jewellery
 h - a +4 ring of slaying (left hand)
 j - a ring of magical power
 r - a ring of flight
 v - the ring of Gosumyif (right hand) {rN+++ Will- Str+6 Int+4 Stlth+}
   (You acquired it on level 4 of the Dungeon)

   [ring of strength]

   Str:       It affects your strength (+6).
   Int:       It affects your intelligence (+4).
   rN:        It renders you almost immune to negative energy.
   Will:      It decreases your willpower.
   Stlth:     It makes you more stealthy.
Wands
 p - a wand of polymorph (10)
 q - a wand of mindburst (11)
Scrolls
 f - 3 scrolls of magic mapping
 g - 3 scrolls of identify
 l - a scroll of blinking
 n - a scroll of amnesia
 u - 2 scrolls of teleportation
 x - 3 scrolls of vulnerability {unknown}
Potions
 d - 2 potions of might
 e - a potion of mutation {unknown}
 m - 4 potions of curing {unknown}
 o - a potion of heal wounds {unknown}
 s - 2 potions of invisibility {unknown}
 w - 2 potions of attraction {unknown}
 z - a potion of flight {unknown}


   Skills:
 - Level 5.6 Fighting
 - Level 2.4 Long Blades
 - Level 3.9 Armour
 + Level 6.8 Dodging
 - Level 3.9 Shields


You had 6 spell levels left.
You didn't know any spells.
Your spell library was empty.

Dungeon Overview and Level Annotations

Branches:
Dungeon (5/15)             Temple (1/1) D:5

Altars:
Ashenzari
Dithmenos
Fedhas
Hepliaklqana
Qazlal
Sif Muna
Trog
Uskayaw
Vehumet
Yredelemnul
Zin
The Shining One


Innate Abilities, Weirdness & Mutations

You have a pair of horns on your head.
You reflexively headbutt those who attack you in melee.


Message History

You closely miss the gnoll. Your headbutt misses the gnoll.
You block the gnoll's attack. x2; The gnoll completely misses you.
You hit the gnoll. Your headbutt misses the gnoll.
The gnoll is moderately wounded.
The gnoll hits you but does no damage. You block the gnoll's attack.
The gnoll hits you but does no damage. You block the gnoll's attack.
The gnoll completely misses you. You furiously retaliate!
You headbutt the gnoll, but do no damage.
The gnoll hits you but does no damage.
You slash the gnoll!
The gnoll is almost dead.
The gnoll is no longer moving quickly.
The gnoll hits you with a +0 club. The gnoll hits you but does no damage.
You block the gnoll's attack.
You slash the gnoll!
You kill the gnoll!
The gnoll hits you but does no damage. You block the gnoll's attack.
The gnoll hits you with a +0 club.
You slash the ogre!
The ogre is heavily wounded.
The gnoll is no longer moving quickly.
The gnoll barely misses you.
The ogre hits you with a +0 giant spiked club!
The gnoll barely misses you. x2; You furiously retaliate!
You headbutt the gnoll!
You kill the gnoll!
You barely miss the ogre.
The ogre is heavily wounded.
You block the ogre's attack. You block the gnoll's attack. x2
You barely miss the ogre.
The ogre is heavily wounded.
You block the ogre's attack. The gnoll hits you with a +0 club.
You barely miss the ogre.
The ogre is heavily wounded.
The ogre hits you with a +0 giant spiked club!
* * * LOW HITPOINT WARNING * * *
You block the gnoll's attack. x2
You slash the ogre!
Your weapon exudes an aura of protection.
The ogre is severely wounded.
The ogre hits you with a +0 giant spiked club!
You die...

#.# #.#.....#.#.#
##§≈≈≈≈≈##
#.###.#..........
..#...........#.#
..#.#.#.#.....#.###
#..#.#.#.......#...
#... #.###.#.###.# ##
#.. #.#.....# #####
##### #)#....)#......
......#))...@O)......
#.......g##.....
#........# ....
#........# g.
#........# ####.....#
#.....# #######


You could see an ogre and a gnoll.

Vanquished Creatures
  An ice beast (D:5)
  A hound (D:4)
  An orc priest (D:3)
  3 gnoll boudas
  An iguana (D:4)
  An orc wizard (D:4)
  12 gnolls
  3 adders
  An ufetubus (D:4)
  2 worms (D:3)
  3 dart slugs
  9 orcs
  10 endoplasms
  3 giant cockroaches
  6 goblins
  7 hobgoblins
  7 jackals (D:1)
  7 quokkas
  3 ball pythons
  A bat (D:2)
  3 frilled lizards (D:2)
  6 kobolds
  8 rats
99 creatures vanquished.

Vanquished Creatures (others)
  3 plants (Temple)
3 creatures vanquished.

Grand Total: 102 creatures vanquished

Notes
Turn   | Place    | Note
-------+----------+-------------------------------------------
     0 | D:1      | GigaChad the Minotaur Fighter began the quest for the Orb.
     0 | D:1      | Reached XP level 1. HP: 19/19 MP: 0/0
    95 | D:1      | Reached XP level 2. HP: 24/27 MP: 1/1
   784 | D:1      | Reached XP level 3. HP: 32/34 MP: 2/2
  1409 | D:2      | Reached skill level 5 in Fighting
  1809 | D:2      | Reached XP level 4. HP: 32/42 MP: 3/3
  2466 | D:3      | Found a shadowy altar of Dithmenos.
  2467 | D:3      | Found a hazy altar of Hepliaklqana.
  2574 | D:3      | Noticed a shadow
  2578 | D:3      | Reached skill level 1 in Dodging
  2760 | D:3      | Reached skill level 2 in Dodging
  3602 | D:4      | Reached XP level 5. HP: 39/49 MP: 4/4
  3681 | D:4      | Reached skill level 3 in Dodging
  3790 | D:4      | Reached skill level 4 in Dodging
  3960 | D:4      | Identified a scroll of acquirement
  3960 | D:4      | Acquired the ring of Gosumyif {rN+++ Will- Str+6 Int+4
                  | Stlth+}
  4104 | D:4      | Reached XP level 6. HP: 45/56 MP: 5/5
  4188 | D:4      | Reached skill level 5 in Dodging
  4221 | D:4      | Found a bloodstained altar of Trog.
  4607 | D:5      | Entered Level 5 of the Dungeon
  4727 | D:5      | Found a staircase to the Ecumenical Temple.
  4746 | D:5      | Noticed an ice beast
  4760 | D:5      | Killed an ice beast
  4761 | D:5      | Reached skill level 6 in Dodging
  5184 | Temple   | Entered the Ecumenical Temple
  5228 | Temple   | Became a worshipper of Ashenzari the Shackled
  5310 | D:5      | Reached XP level 7. HP: 36/61 MP: 6/6
  5320 | D:5      | Mangled by an ogre

Illustrated notes

Levels and vault maps discovered:
D:1:      minmay_arrival_five_plusses, layout_loops_ring, serial_forest,
          infiniplex_forest_pool, infiniplex_forest_straight_2,
          infiniplex_forest_straight_4, infiniplex_forest_lined_corner,
          infiniplex_forest_lined_4_way, infiniplex_forest_diagonal
D:2:      cheibrodos_helix_gallery, layout_basic
D:3:      layout_loops_corners, riverfiend_overflow_shadow_ancestor,
          kennysheep_generic_room_9
D:4:      layout_loops_cross, mainiacjoe_overflow_chevrons
D:5:      layout_basic, minmay_temple_entry_butterflies, gammafunk_ghost_arena,
          kennysheep_another_room
Temple:   cyrus_temple_forest

Skill      XL: |  1  2  3  4  5  6 |
---------------+-------------------+-----
Fighting       | 4 5 |  5.6
Dodging        | 2 4 6 |  6.8
Long Blades    | |  2.4
Armour         | |  3.9
Shields        | |  3.9

Action                   |  1- 3 |  4- 6 |  7- 9 || total
-------------------------+-------+-------+-------++-------
Melee: Long sword        |    84 |   143 |    10 ||   237
       Headbutt          |    11 |    24 |       ||    35
  Use: Scroll            |     1 |     6 |       ||     7
Armor: Scale mail        |    56 |    39 |       ||    95
       Chain mail        |       |    45 |     8 ||    53
Dodge: Dodged            |    39 |    40 |     6 ||    85
Block: Buckler           |    22 |     4 |       ||    26
       Kite shield       |       |    74 |    14 ||    88
